 Dungeon Crawl Stone Soup version 0.28-a0-793-g31680bbd8b (webtiles) character file.

Game seed: 6269105567551681569

25 ytrimaz the Skirmisher (level 2, -2/24 HPs)
             Began as a Demonspawn Fighter on Nov 3, 2021.
             Slain by a gnoll (5 damage)
             ... on level 2 of the Dungeon.
             The game lasted 00:00:39 (1426 turns).

ytrimaz the Skirmisher (Demonspawn Fighter)         Turns: 1426, Time: 00:00:41

Health: -2/24      AC:  6    Str: 16    XL:     2   Next: 86%
Magic:  2/2        EV:  6    Int:  9    God:
Gold:   66         SH:  4    Dex: 12    Spells: 1/1 levels left

rFire   . . .      SeeInvis .   a - +0 rapier
rCold   . . .      Faith    .   c - +0 buckler
rNeg    . . .      Spirit   .   b - +0 scale mail
rPois   .          Reflect  .   (no helmet)
rElec   .          Harm     .   (no cloak)
rCorr   .          Rampage  .   (no gloves)
Will    .....                   (no boots)
Stlth   ..........              (no amulet)
HPRegen 0.08/turn               (no ring)
MPRegen 0.08/turn               (no ring)

@: constricted
A: powered by pain 1
a: no special abilities


You were on level 2 of the Dungeon.
You visited 1 branch of the dungeon, and saw 2 of its levels.

You collected 66 gold pieces.

Inventory:

Hand Weapons
 a - a +0 rapier (weapon)
Armour
 b - a +0 scale mail (worn)
 c - a +0 buckler (worn)
Potions
 d - a potion of might
 e - a potion of heal wounds {unknown}
 f - 2 potions of mutation {unknown}


   Skills:
 + Level 3.2 Fighting
 * Level 2.2 Short Blades
 + Level 3.0 Armour
 * Level 0.7 Dodging
 + Level 2.8 Shields


You had one spell level left.
You didn't know any spells.
Your spell library contained the following spells:

 Spells                   Type           Power      Damage    Failure   Level
 Magic Dart               Conj           0%         1d3       86%         1
 Call Imp                 Summ           0%         N/A       94%         2
 Mephitic Cloud           Conj/Pois/Air  0%         N/A       99%         3


Dungeon Overview and Level Annotations

Branches:
Dungeon (2/15)

Altars:


Innate Abilities, Weirdness & Mutations

You sometimes gain a little power by taking damage.


Message History

The adder poisons you!
You puncture the adder!
You kill the adder!
You feel sick.
Your Armour skill increases to level 3!
You feel sick.
You see here an adder corpse.
You feel sick.
You are no longer poisoned.
HP restored.
You see here an adder corpse.
You see here a +0 dagger.
You open the door.
A ball python and 3 gnolls come into view.
The gnoll shouts! x2; The ball python hisses angrily.
The gnoll moves out of view.
There are monsters nearby!
There are monsters nearby!
There are monsters nearby!
The gnoll completely misses you.
There is an open door here.
You hit the gnoll.
The gnoll is moderately wounded.
The gnoll hits you with a +0 flail! You block the ball python's attack.
The ball python grabs you. The ball python constricts you.
You hit the gnoll but do no damage.
The gnoll is moderately wounded.
The gnoll hits you from afar with a +0 spear.
The gnoll hits you with a +0 flail.
The ball python bites you but does no damage.
The ball python constricts you.
* * * LOW HITPOINT WARNING * * *
The gnoll barely misses you.
The ball python's grasp on you weakens, but your attempt to escape fails.
You block the ball python's attack. The ball python constricts you.
* * * LOW HITPOINT WARNING * * *
The gnoll hits you with a +0 flail.
* * * LOW HITPOINT WARNING * * *
The gnoll hits you with a +0 flail.
You die...

########.######.####
#................
#.###............
#.# ####.......#.
#.# #.......#. #.#
#.......#. #######.#
#####+###.
##....S#.# #.
......g@.# #.
##....g### #. #...g.
#. #..... ## #.....
######


You could see 3 gnolls and a ball python.

Vanquished Creatures
  An adder (D:2)
  A dart slug (D:1)
  2 ball pythons (D:1)
  A giant cockroach (D:1)
  A goblin (D:2)
  A hobgoblin (D:1)
  2 quokkas (D:1)
  3 kobolds (D:1)
  2 rats (D:1)
14 creatures vanquished.

Vanquished Creatures (others)
  A plant (D:1)
1 creature vanquished.

Grand Total: 15 creatures vanquished

Notes
Turn   | Place    | Note
-------+----------+-------------------------------------------
     0 | D:1      | ytrimaz the Demonspawn Fighter began the quest for the Orb.
     0 | D:1      | Reached XP level 1. HP: 18/18 MP: 1/1
   357 | D:1      | Gained mutation: You sometimes gain a little power by
                  | taking damage. [demonic ancestry]
   357 | D:1      | Reached XP level 2. HP: 24/24 MP: 2/2
  1426 | D:2      | Slain by a gnoll

Illustrated notes

Levels and vault maps discovered:
D:1:      dpeg_arrival_circle_labyrinth_a, layout_loops_ring,
          amcnicky_mini_rare_corridor_liquid, serial_bayou_ford_a
D:2:      layout_basic, grunt_ministairs_15

Skill      XL: |  1  2 |
---------------+-------+-----
Short Blades   | 2 |  2.2
Armour         | 3 |  3.0
Fighting       | |  3.2
Dodging        | |  0.7
Shields        | |  2.8

Action                   || total
-------------------------++-------
Melee: Rapier            ||    68
Armor: Scale mail        ||    31
Dodge: Dodged            ||    29
Block: Buckler           ||     7

Table legend: (Time is in decaauts)
 A = Elapsed time spent in this place.
 B = Non-inter-level travel time spent in this place.
 C = Inter-level travel time spent in this place.
 D = Time resting spent in this place.
 E = Time spent auto-exploring this place.
 F = Levels seen in this place.
 G = Mean time per level.
                   A        B        C        D        E       F      G
               +--------+--------+--------+--------+--------+-----+--------+
         Total |   1434 |   1304 |    130 |    187 |    977 |   2 |  717.0 |
       Dungeon |   1434 |   1304 |    130 |    187 |    977 |   2 |  717.0 |
               +--------+--------+--------+--------+--------+-----+--------+

Top non-repeatable levels by time:
     D:1: 1189 daAuts
     D:2: 245 daAuts
